Map: Habitation Station LE (Void)

Players

LiquidMaNa (MaNa)

  • Race: Protoss Protoss
  • League: Diamond
  • Spawn Location: 11:00

SpeCial - Winner!

  • Race: Terran Terran
  • League: Grandmaster
  • Spawn Location: 1:00

Event: NationWars IV

VOD

Have the link to the VOD?

Description

Time

  • Played on: Jan. 5, 2017, 5:11 p.m.
  • Length: 10:24
Show
View Real Time Build Order
Export as new Build Order

LiquidMaNa Protoss 

Build Orders: 1 Gate Expand, Colossus Rush 

Get SALT Encoding   

  12  0:00  Probe (Chrono Boost)  
  13  0:11  Probe (Chrono Boost)  
  14  0:17  Pylon  
  14  0:22  Probe (Chrono Boost)  
  15  0:35  Probe (Chrono Boost)  
  16  0:36  Gateway  
  16  0:41  Assimilator  
  16  0:46  Probe (Chrono Boost)  
  17  0:56  Probe (Chrono Boost)  
  18  1:07  Probe (Chrono Boost)  
  19  1:21  Nexus  
  19  1:30  Cybernetics Core  
  19  1:32  Probe (Chrono Boost)  
  20  1:39  Assimilator  
  20  1:43  Probe (Chrono Boost)  
  21  1:50  Pylon  
  21  1:53  Probe (Chrono Boost)  
  22  2:05  Adept, Probe (Chrono Boost)  
  22  2:07  Warp Gate  
  26  2:17  Probe (Chrono Boost)  
  26  2:24  Robotics Facility  
  26  2:29  Probe (Chrono Boost)  
  27  2:34  Adept  
  29  2:37  Probe (Chrono Boost)  
  29  2:43  Probe (Chrono Boost)  
  31  2:48  Mothership Core (Chrono Boost)  
  33  2:53  Probe (Chrono Boost)  
  34  3:04  Probe (Chrono Boost)  
  35  3:06  Warp Prism  
  35  3:07  Probe (Chrono Boost)  
  40  3:12  Adept  
  40  3:16  Probe (Chrono Boost)  
  40  3:17  Probe (Chrono Boost)  
  42  3:21  Pylon  
  42  3:31  Gateway  
  42  3:34  Gateway  
  42  3:36  Probe (Chrono Boost)  
  42  3:38  Probe (Chrono Boost)  
  44  3:43  Observer  
  44  3:47  Probe (Chrono Boost)  
  46  3:49  Probe (Chrono Boost), Pylon  
  47  3:59  Probe x2 (Chrono Boost)  
  47  4:00  Pylon  
  49  4:08  Warp Prism, Twilight Council  
  49  4:12  Probe (Chrono Boost)  
  49  4:13  Probe (Chrono Boost)  
  45  4:18  Sentry  
  47  4:25  Assimilator  
  47  4:26  Probe (Chrono Boost)  
  47  4:27  Probe (Chrono Boost), Assimilator  
  49  4:36  Probe (Chrono Boost)  
  51  4:38  Adept x2  
  51  4:39  Probe (Chrono Boost)  
  51  4:40  Robotics Bay  
  51  4:43  Adept, Resonating Glaives  
  57  4:49  Probe (Chrono Boost)  
  57  4:52  Probe (Chrono Boost)  
  59  5:00  Probe (Chrono Boost)  
  59  5:02  Pylon  
  59  5:04  Immortal  
  59  5:05  Probe (Chrono Boost)  
  61  5:10  Probe (Chrono Boost)  
  66  5:15  Pylon  
  66  5:19  Pylon  
  66  5:21  Adept  
  67  5:24  Stalker  
  68  5:36  Colossus  
  68  5:42  Extended Thermal Lance  
  68  5:43  Gateway  
  68  5:44  Gateway  
  74  5:50  Gateway  
  74  5:56  Pylon  
  74  6:03  Adept x2  
  74  6:04  Adept  
  76  6:20  Nexus  
  76  6:21  Pylon  
  76  6:22  Colossus  
  78  6:41  Adept x4  
  78  6:46  Adept  
  88  6:53  Pylon  
  88  6:57  Stalker  
  88  7:01  Stalker x2  
  92  7:13  Stalker x3  
  92  7:14  Observer  
  98  7:18  Probe x2 (Chrono Boost)  
  100  7:36  Adept x2  
  100  7:37  Adept  
  79  7:38  Adept x2  
  79  7:40  Adept  
  91  7:57  Adept x3  
  91  8:06  Adept  
  91  8:07  Adept x2  
  77  8:19  Adept x2  
  81  8:21  Adept  
  81  8:24  Robotics Facility  
  81  8:26  Robotics Facility  
  75  8:29  Probe x2 (Chrono Boost)  
  75  8:31  Probe (Chrono Boost)  
  75  8:32  Stalker x2  
  80  8:34  Sentry  
  80  8:40  Probe (Chrono Boost), Sentry x2  
  87  8:41  Pylon  
  87  8:44  Probe (Chrono Boost)  
  87  8:45  Probe (Chrono Boost)  
  89  8:51  Forge  
  88  9:01  Stalker x2, Sentry x2  
  96  9:06  Assimilator  
  96  9:09  Assimilator  
  96  9:11  Pylon  
  96  9:16  Immortal  
  96  9:17  Immortal  
  104  9:43  Probe x2 (Chrono Boost)  
  96  9:53  Stalker x2  
  96  9:55  Adept  
  96  9:56  Adept x2  
Show
View Real Time Build Order
Export as new Build Order

SpeCial Terran - Winner!

Build Orders: Reaper Expand, MMM Bio 

Get SALT Encoding   

  12  0:00  SCV  
  13  0:12  SCV  
  14  0:17  Supply Depot  
  14  0:24  SCV  
  14  0:27  Refinery  
  15  0:39  SCV  
  16  0:44  Barracks  
  16  0:51  SCV  
  17  1:03  SCV  
  18  1:15  SCV  
  19  1:31  Orbital Command  
  19  1:32  Reaper  
  20  1:43  Command Center  
  20  1:53  Factory  
  20  1:57  SCV  
  21  2:05  Refinery  
  21  2:06  Barracks Reactor  
  21  2:09  SCV  
  22  2:16  Supply Depot  
  22  2:22  SCV  
  23  2:38  SCV  
  23  2:40  Starport  
  23  2:43  Marine x2  
  26  2:44  Factory Tech Lab  
  26  2:50  SCV  
  27  3:00  Orbital Command  
  27  3:02  SCV  
  27  3:03  Marine x2  
  30  3:14  SCV  
  31  3:21  Marine x2  
  31  3:25  Raven  
  31  3:26  SCV x2  
  37  3:27  Factory Tech Lab  
  37  3:33  Barracks  
  37  3:36  Supply Depot  
  37  3:39  SCV x2  
  39  3:46  Marine x2, Refinery  
  41  3:52  Siege Tank  
  44  3:56  SCV x2  
  44  4:01  Supply Depot  
  46  4:04  Marine x2  
  48  4:15  SCV x2  
  50  4:23  Barracks  
  50  4:24  Engineering Bay  
  50  4:27  SCV x2  
  50  4:30  Stimpack  
  50  4:31  Marine x2  
  52  4:36  Siege Tank  
  57  4:40  SCV x2  
  57  4:43  Supply Depot  
  59  4:47  Refinery  
  59  4:50  Marine  
  59  4:51  Marine  
  61  4:53  Marine  
  61  4:56  Starport Reactor  
  61  4:59  Terran Infantry Weapons Level 1  
  62  5:05  SCV x2  
  64  5:07  Supply Depot  
  64  5:13  Missile Turret  
  64  5:17  SCV x2  
  64  5:18  Marine x2  
  64  5:20  Factory Reactor  
  68  5:24  Combat Shields, Marine  
  69  5:29  Marine  
  69  5:33  SCV  
  69  5:34  SCV  
  70  5:39  Medivac  
  70  5:40  Viking  
  74  5:44  Supply Depot  
  74  5:48  Marine x2  
  76  5:52  Marauder  
  77  6:05  Widow Mine x2  
  77  6:06  Marauder  
  77  6:07  SCV  
  77  6:08  SCV  
  77  6:09  Supply Depot  
  84  6:13  Medivac  
  85  6:21  SCV  
  86  6:31  Command Center, SCV  
  89  6:34  Marine x2  
  89  6:35  Marauder  
  89  6:39  Supply Depot  
  93  6:42  Widow Mine x2  
  93  6:43  Marauder  
  99  6:47  Medivac x2  
  101  6:56  Marine  
  101  7:01  Marauder, Marine, SCV x2  
  107  7:04  Marauder  
  108  7:13  Barracks  
  108  7:14  Barracks  
  108  7:17  Viking  
  108  7:20  Supply Depot  
  110  7:28  Viking  
  109  7:33  Marauder, Marine x2  
  105  7:40  Marauder  
  105  7:42  SCV x2  
  109  7:47  Viking  
  109  7:51  Marine x2  
  112  7:52  Orbital Command  
  112  7:56  Terran Infantry Armor Level 1  
  112  7:58  Viking  
  115  8:00  Starport  
  115  8:01  Marauder, Marine  
  114  8:08  Marine  
  106  8:15  Marine  
  106  8:19  Marauder  
  105  8:21  SCV x2  
  105  8:22  Marine  
  105  8:25  Barracks Tech Lab, Barracks Reactor  
  105  8:26  Marine  
  108  8:27  SCV  
  108  8:30  Liberator  
  108  8:33  Marine, SCV x2  
  108  8:39  SCV  
  108  8:41  Marauder x2  
  113  8:42  Viking x2  
  113  8:43  Viking  
  113  8:44  Marine  
  113  8:45  SCV  
  124  8:54  Concussive Shells  
  124  8:58  Armory, Engineering Bay  
  124  9:00  SCV x2  
  124  9:01  SCV  
  127  9:03  Refinery  
  127  9:04  Marine x2  
  127  9:05  Refinery  
  127  9:06  Marauder  
  127  9:07  Marine x2  
  127  9:09  Liberator  
  133  9:12  Liberator  
  133  9:19  SCV  
  133  9:24  Supply Depot x2  
  133  9:26  SCV x2  
  141  9:35  Factory Reactor  
  141  9:40  Supply Depot  
  141  9:45  Marauder, Marine x2  
  153  9:46  Marauder  
  150  9:58  Marauder, Marine  
  153  10:05  Supply Depot  
Tags
 
Add a new tag
Caveats
  • Supply blocks, unpowered buildings, or Contaminate may cause inaccurate times.
  • Supply counts are checked every 10 seconds.